 Dungeon Crawl Stone Soup version 0.16.1-18-g436b03c (webtiles) character file.

1166 Leviathan2552 the Covered (level 8, -6/48 HPs)
             Began as a Gargoyle Fighter on Apr 30, 2015.
             Was a Follower of Nemelex Xobeh.
             Killed by divine providence
             ... invoked by an orc priest
              (11 damage)
             ... on level 6 of the Dungeon on May 1, 2015.
             The game lasted 00:53:40 (5041 turns).

Leviathan2552 the Covered (Gargoyle Fighter)        Turns: 5041, Time: 00:53:40

Health: -6/48      AC: 18    Str: 20    XL:     8   Next: 40%
Magic:  13/13      EV: 10    Int: 14    God:    Nemelex Xobeh [*.....]
Gold:   250        SH:  0    Dex: 10    Spells: 1 memorised, 8 levels left

rFire  . . .     SeeInvis +     j - +2 war axe (chop)
rCold  x . .     Clarity  .     b - +0 scale mail
rNeg   + . .     SustAb   .     (no shield)
rPois  ∞         Gourm    .     A - +2 helmet
rElec  +         Spirit   .     (no cloak)
rCorr  .         Warding  .     I - +0 pair of gloves
rMut   .         Stasis   +     v - +0 pair of boots of the Vestibule of Hell {-Cast rC- MR+ Slay+2 SInv}
MR     +....     NoCast   +     l - amulet of stasis
Stlth  ..........               G - ring of see invisible
                                s - +4 ring of intelligence

@: somewhat resistant to hostile enchantments, extremely unstealthy
A: negative energy resistance 1, electricity resistance, unbreathing,
petrification resistance, rot immunity, AC +5
a: Renounce Religion


You were on level 6 of the Dungeon.
You worshipped Nemelex Xobeh.
Nemelex Xobeh was aware of your devotion.
You were hungry.

You visited 1 branch of the dungeon, and saw 6 of its levels.

You collected 250 gold pieces.

Inventory:

Hand weapons
 j - a +2 war axe of chopping (weapon)
 J - a +3 spear
Missiles
 y - 2 tomahawks (quivered)
Armour
 b - a +0 scale mail (worn)
 c - a +0 shield
 v - the +0 pair of boots of the Vestibule of Hell (worn) {-Cast rC- MR+ Slay+2 SInv}
   (You found it on level 5 of the Dungeon)

   It affects your accuracy and damage with ranged weapons and melee attacks
   (+2).
   It makes you vulnerable to cold.
   It affects your resistance to hostile enchantments.
   It enhances your eyesight.
   It prevents spellcasting.
 A - a +2 helmet (worn)
 I - a +0 pair of gloves (worn)
Jewellery
 i - an uncursed amulet of regeneration
 l - an amulet of stasis (around neck)
 s - a +4 ring of intelligence (left hand)
 G - a ring of see invisible (right hand)
Scrolls
 f - 2 scrolls of immolation
 g - a scroll of fear
 k - 3 scrolls of remove curse
 m - 4 scrolls of identify {unknown}
 n - a scroll of recharging {unknown}
 r - a scroll of random uselessness {unknown}
 u - a scroll of enchant armour {unknown}
 w - a scroll of teleportation {unknown}
 B - a scroll of enchant weapon {unknown}
 C - 2 scrolls of blinking {unknown}
 D - a scroll of magic mapping {unknown}
Potions
 a - a potion of poison {unknown}
 e - a potion of might
 o - a potion of curing {unknown}
 p - a potion of agility
 t - a potion of degeneration {unknown}
 z - a potion of heal wounds {unknown}
Books
 F - a book of the Dragon

   Spells                             Type                      Level
   a - Flight                         Charms/Air                   3
   b - Cause Fear                     Hexes                        4
   c - Bolt of Fire                   Conjuration/Fire             6
   d - Dragon Form                    Transmutation                7
   e - Dragon's Call                  Summoning                    9
Miscellaneous
 q - a plain deck of war {drawn: 5}
 x - a plain deck of war {drawn: 6}
Comestibles
 d - 5 bread rations
 h - 4 meat rations
 E - 2 chunks of flesh
 H - a royal jelly


   Skills:
 + Level 4.6 Fighting
 * Level 3.3(4.0) Axes
   Level 3.4(4.2) Maces & Flails
 + Level 2.1 Throwing
 + Level 5.0 Armour
 + Level 2.6 Dodging
 + Level 4.7 Shields
 + Level 2.1 Spellcasting
 + Level 1.9 Charms
 + Level 1.7 Air Magic
 - Level 0.2 Evocations


You had 8 spell levels left.
You knew the following spells:

 Your Spells              Type           Power        Failure   Level  Hunger
a - Flight                Chrm/Air       #.........   89%         3    ####...


Dungeon Overview and Level Annotations

Branches:
Dungeon (6/15)
 Temple: D:4-7

Altars:
Elyvilon
Kikubaaqudgha
Nemelex Xobeh
Yredelemnul
The Shining One

Annotations:
D:6 Blork the orc


Innate Abilities, Weirdness & Mutations

You are resistant to torment.
You are immune to poison.
Your stone body is very resilient (AC +5).
You resist negative energy.
You are resistant to electric shocks.
You can survive without breathing.
You are immune to petrification.
You are immune to rotting.


Message History

Something unseen opens the door.
The orc priest barely misses you.
The orc priest calls down the wrath of Beogh upon you.
Something smites you!
Blork the orc hits you with a mace of crushing.
There is an open door here.
Blork the orc points at you and mumbles some strange words.
The magic dart hits you!
The orc priest becomes somewhat translucent.
Blork the orc looks angry.
Blork the orc barely misses you.
Blork the orc becomes somewhat translucent.
The orc priest mumbles some strange prayers to Beogh against you.
Something smites you!
* * * LOW HITPOINT WARNING * * *
Blork the orc gestures at you while chanting.
The magic dart hits you!
The orc priest invokes the aid of Beogh against you.
Something smites you!
You die...
Your body disappears without a glow.

.......'..# #...'......
......##.## #######.##..##..
......##.## ##.##.##.###'####
'###..##..# #...'.'.......#
.###..##..# ##+##.##..|...#
......)...# #..##+##.##..####
.##.#############.....##.##..##..
.##'#######.##..##....##o##...#..
.....'..'....'..@o.o.o.o.'....'..
..#############.##....##.##...#..
..#############.##....##'##..##..
...<............##'##........# l.
................##.###..8..#.# ..
................'....#.....#.+ ..
.####.....##.##.##.###.....### ..
.# ##########.##.# ##+++## +# ..
..##+#


You could see Blork the orc, an orc priest, an orc wizard and 2 orcs.

Vanquished Creatures
  Grinder (D:6)
  A human (D:4)
  A hippogriff (D:4)
  An ogre (D:5)
  A scorpion (D:5)
  A hound (D:4)
  3 orc priests
  A giant frog skeleton (D:2)
  2 worker ants (D:5)
  3 iguanas
  2 orc wizards (D:5)
  A hound skeleton (D:4)
  4 adders
  4 gnolls (D:4)
  2 worms
  4 oozes
  13 orcs
  9 bats
  A bat skeleton (D:4)
  A bat zombie (D:5)
  2 giant cockroaches (D:4)
  10 goblins
  7 hobgoblins
  8 jackals
  11 kobolds
  A quokka (D:4)
  A giant gecko (D:1)
  5 giant newts
  10 rats
  A plant (D:3)
112 creatures vanquished.

Vanquished Creatures (collateral kills)
  An orc wizard (D:3)
  Robin (D:3)
  An adder (D:3)
  A giant gecko (D:3)
  5 orcs (D:3)
  A bat skeleton (D:3)
  9 goblins (D:3)
  4 hobgoblins (D:3)
  2 bats (D:3)
  A giant newt (D:3)
  A rat (D:2)
27 creatures vanquished.

Grand Total: 139 creatures vanquished

Notes
Turn   | Place    | Note
--------------------------------------------------------------
     0 | D:1      | Leviathan2552, the Gargoyle Fighter, began the quest for the Orb.
     0 | D:1      | Reached XP level 1. HP: 14/14 MP: 1/1
   139 | D:1      | Reached XP level 2. HP: 16/19 MP: 2/2
   526 | D:1      | Reached XP level 3. HP: 20/23 MP: 3/3
   825 | D:2      | Reached skill level 1 in Dodging
   950 | D:2      | Found a sparkling altar of Nemelex Xobeh.
   961 | D:2      | Found a glowing golden altar of the Shining One.
   996 | D:2      | Became a worshipper of Nemelex Xobeh the Trickster
  1100 | D:2      | Received a gift from Nemelex Xobeh
  1412 | D:2      | Found an ancient bone altar of Kikubaaqudgha.
  1443 | D:2      | Received a gift from Nemelex Xobeh
  1644 | D:2      | Reached XP level 4. HP: 15/28 MP: 4/4
  1926 | D:3      | Reached skill level 4 in Armour
  1989 | D:3      | Noticed Robin
  2004 | D:3      | Killed Robin
  2004 | D:3      | Reached XP level 5. HP: 25/32 MP: 5/5
  2446 | D:4      | Found a white marble altar of Elyvilon.
  2546 | D:4      | Noticed a hippogriff
  2554 | D:4      | Killed a hippogriff
  2554 | D:4      | Reached skill level 1 in Axes
  2554 | D:4      | Reached skill level 1 in Throwing
  2554 | D:4      | Reached XP level 6. HP: 34/38 MP: 6/6
  2566 | D:4      | Learned a level 3 spell: Flight
  2643 | D:4      | Noticed a human
  2646 | D:4      | Found a runed door.
  2649 | D:4      | Found a basalt altar of Yredelemnul.
  2713 | D:4      | Killed a human
  2713 | D:4      | Reached XP level 7. HP: 39/43 MP: 7/7
  2831 | D:4      | Reached skill level 1 in Charms
  3063 | D:4      | Reached skill level 1 in Air Magic
  3273 | D:4      | You fall through a shaft for 2 floors!
  3291 | D:6      | Noticed Grinder
  3313 | D:5      | Entered Level 5 of the Dungeon
  3318 | D:5      | Reached skill level 1 in Spellcasting
  3788 | D:5      | Got a pair of faintly humming boots
  3794 | D:5      | Identified the +0 pair of boots of the Vestibule of Hell {-Cast rC- MR+ Slay+2 SInv} (You found it on level 5 of the Dungeon)
  4408 | D:5      | Reached XP level 8. HP: 48/48 MP: 11/11
  4766 | D:6      | Killed Grinder
  4766 | D:6      | Reached skill level 5 in Armour
  5019 | D:6      | Noticed Blork the orc
  5041 | D:6      | Killed from afar by an orc priest

Action                   |  1- 3 |  4- 6 |  7- 9 || total
-------------------------+-------+-------+-------++-------
Melee: Flail             |   128 |     2 |       ||   130
       Mace              |       |     7 |       ||     7
       War axe           |       |    79 |   144 ||   223
Throw: Tomahawk          |       |       |     4 ||     4
Evoke: Deck              |     1 |    10 |       ||    11
  Use: Scroll            |       |       |     3 ||     3
  Eat: Chunk             |     2 |     2 |     2 ||     6
       Royal jelly       |       |     1 |       ||     1
       Meat ration       |       |       |     1 ||     1
